 Dungeon Crawl Stone Soup version 0.23.0 (webtiles) character file.

Game seed: 1409472301581202827

1115 Flure the Ruffian (level 8, -6/68 HPs)
             Began as a Ghoul Monk on Feb 18, 2019.
             Was a Priest of Makhleb.
             Mangled by an orc warrior
             ... wielding a +0 short sword
              (12 damage)
             ... on level 7 of the Dungeon.
             The game lasted 00:11:05 (2406 turns).

Flure the Ruffian (Ghoul Monk)                      Turns: 2406, Time: 00:11:06

Health: -6/68      AC: 10    Str: 16    XL:     8   Next: 34%
Magic:  10/10      EV: 10    Int:  5    God:    Makhleb [***...]
Gold:   295        SH:  0    Dex: 12    Spells: 7/7 levels left

rFire    + + .     SeeInvis .     - Unarmed
rCold    . . .     Gourm    .   (no shield)
rNeg     + + +     Faith    .   o - +0 fire dragon scales
rPois    ∞         Spirit   .   n - +2 hat
rElec    .         Reflect  .   (no cloak)
rCorr    .         Harm     .   (no gloves)
MR       .....                  (no boots)
Stlth    ..........             (no amulet)
HPRegen  0.00/turn              (no ring)
MPRegen  0.12/turn              (no ring)

@: rotting
A: rotting body, claws 1, carnivore, cold resistance 1, negative energy
resistance 3, inhibited regeneration, torment resistance, unbreathing
a: Minor Destruction, Lesser Servant of Makhleb, Renounce Religion


You were on level 7 of the Dungeon.
You worshipped Makhleb.
Makhleb was most pleased with you.
You were not hungry.

You visited 1 branch of the dungeon, and saw 8 of its levels.

You collected 295 gold pieces.

Inventory:

Armour
 a - a +0 robe
 n - a +2 hat (worn)
 o - +0 fire dragon scales (worn)
Jewellery
 d - an uncursed amulet of guardian spirit {unknown}
 x - the ring "Yjimod" {rF++ rC+ Int+4 Dex+4, unknown}
   (You found it on level 7 of the Dungeon)

   [ring of dexterity]

   It affects your intelligence (+4).
   It affects your dexterity (+4).
   It greatly protects you from fire.
   It protects you from cold.
Scrolls
 c - 5 scrolls of teleportation
 e - a scroll of blinking
 f - a scroll of immolation
 j - 2 scrolls of identify
 l - a scroll of remove curse
 m - a scroll of amnesia {unknown}
 r - a scroll of random uselessness
 w - a scroll of torment
 y - a scroll of enchant armour
Potions
 g - a potion of invisibility {unknown}
 h - 2 potions of cancellation {unknown}
 i - a potion of degeneration {unknown}
 k - 2 potions of mutation {unknown}
 p - 2 potions of flight {unknown}
 q - a potion of berserk rage {unknown}
 s - a potion of ambrosia {unknown}
 t - a potion of curing
 u - a potion of haste {unknown}
 v - a potion of brilliance {unknown}
 A - a potion of heal wounds {unknown}
Comestibles
 b - 7 rations


   Skills:
 * Level 5.0 Fighting
 + Level 2.2 Armour
 - Level 4.1 Dodging
 + Level 2.9 Stealth
 * Level 7.8 Unarmed Combat
 - Level 4.0 Invocations


You had 7 spell levels left.
You didn't know any spells.
Your spell library contained the following spells:

 Spells                   Type           Power        Failure   Level  Hunger
 Confusing Touch          Hex            #.....       94%         1    ##.....
 Confuse                  Hex            #.......     100%        3    ####...
 Gell's Gravitas          Tloc           #.........   100%        3    ####...
 Petrify                  Tmut/Erth      #.......     100%        4    #####..
 Metabolic Englaciation   Hex/Ice        #.........   100%        5    ######.
 Yara's Violent Unravell  Hex/Tmut       #.........   100%        5    ######.


Dungeon Overview and Level Annotations

Branches:
Dungeon (8/15)             Temple (0/1) D:5
   Lair: D:8-11

Altars:
Ashenzari
Cheibriados
Fedhas
Gozag
Makhleb
Nemelex Xobeh
Sif Muna
Vehumet
Zin


Innate Abilities, Weirdness & Mutations

Your body is rotting away.
You thrive on raw meat.
You are immune to poison.
You have sharp fingernails.
You are carnivorous and can eat meat at any time.
Your flesh is cold resistant. (rC+)
You are immune to negative energy. (rN+++)
You do not regenerate when monsters are visible.
You are immune to unholy pain and torment.
You can survive without breathing.


Message History

The orc warrior completely misses your ufetubus.
Your ufetubus hits the orc warrior but does no damage.
Your ufetubus misses the orc warrior.
Your ufetubus closely misses the orc warrior.
Your ufetubus hits the orc warrior.
Your ynoxinul disappears in a puff of smoke!
Your ufetubus disappears in a puff of smoke! x2
Press: ? - help, Shift-Dir - straight line, f/p - orc warrior
Aim: an orc warrior, wielding a +0 short sword and wearing a +0 chain mail (blue smoke, almost dead)
The puff of flame hits the orc warrior but does no damage.
The orc warrior is almost dead.
Press: ? - help, Shift-Dir - straight line, f/p - orc warrior
Aim: an orc warrior, wielding a +0 short sword and wearing a +0 chain mail (almost dead)
The orc warrior resists with significant effort.
The orc warrior hits you but does no damage.
Press: ? - help, Shift-Dir - straight line, f/p - orc warrior
Aim: an orc warrior, wielding a +0 short sword and wearing a +0 chain mail (almost dead)
The zap misses the orc warrior.
The orc warrior hits you with a +0 short sword!
You die...

..# #.....[.#.................#..
..###.............## +###.##.....
...##.............# .# #..##.#..
.....#..>.........# #.# #.......#
...#.##...#.......+ ._. +....##.#
...#....###..<....# ### #....##>#
......### #.......# ### #....#.(#
.....## ##......#######......##
...#.# ###...@o.............#
...#.# ##.....####..##.......##
...#..###.....).5o...............
(#.# ...........########..#...##.
.#.# ...#....### #....#.......
.#.# #..#..## ####..####.##...[
...####....#####..... #.###...
.................### #(......
.......##.###...... ..##....


You could see an orc warrior.

Vanquished Creatures
  A water moccasin (D:7)
  An orc warrior (D:7)
  A wolf (D:8)
  A centaur (D:5)
  A water moccasin skeleton (D:4)
  4 crimson imps
  3 howler monkeys (D:4)
  3 hounds
  A centaur zombie (D:6)
  A centaur skeleton (D:7)
  3 orc wizards
  3 worker ants
  Robin (D:4)
  7 gnolls
  A howler monkey skeleton (D:5)
  5 adders
  A dart slug (D:1)
  3 leopard geckos
  10 orcs
  6 bats
  2 giant cockroaches (D:1)
  12 goblins
  7 hobgoblins
  2 quokkas
  2 frilled lizards
  4 kobolds
  A rat (D:1)
87 creatures vanquished.

Notes
Turn   | Place    | Note
-------+----------+-------------------------------------------
     0 | D:1      | Flure the Ghoul Monk began the quest for the Orb.
     0 | D:1      | Reached XP level 1. HP: 19/19 MP: 0/0
   132 | D:1      | Reached XP level 2. HP: 12/26 MP: 1/1
   491 | D:2      | Found a snail-covered altar of Cheibriados.
   499 | D:2      | Reached XP level 3. HP: 18/31 MP: 2/2
   512 | D:2      | Found a blossoming altar of Fedhas.
   515 | D:2      | Found a radiant altar of Vehumet.
   515 | D:2      | Found a deep blue altar of Sif Muna.
   515 | D:2      | Found a glowing silver altar of Zin.
   516 | D:2      | Found an opulent altar of Gozag.
   516 | D:2      | Found a burning altar of Makhleb.
   527 | D:2      | Became a worshipper of Makhleb the Destroyer
   527 | D:2      | Reached * piety under Makhleb
   527 | D:2      | Reached ** piety under Makhleb
   655 | D:3      | Reached skill level 4 in Unarmed Combat
   693 | D:2      | Reached XP level 4. HP: 24/40 MP: 3/3
   888 | D:3      | Found a shattered altar of Ashenzari.
   983 | D:4      | Reached XP level 5. HP: 46/46 MP: 3/5
  1192 | D:4      | Reached XP level 6. HP: 34/52 MP: 5/7
  1210 | D:4      | Reached skill level 5 in Unarmed Combat
  1281 | D:4      | Noticed Robin
  1332 | D:4      | Killed Robin
  1405 | D:5      | Entered Level 5 of the Dungeon
  1458 | D:5      | Found a staircase to the Ecumenical Temple.
  1492 | D:5      | Reached skill level 1 in Armour
  1555 | D:6      | Reached XP level 7. HP: 50/59 MP: 8/8
  1595 | D:5      | Reached skill level 6 in Unarmed Combat
  1659 | D:7      | Reached *** piety under Makhleb
  1698 | D:7      | Got a brightly glowing jade ring
  1875 | D:7      | Reached XP level 8. HP: 66/66 MP: 10/10
  1949 | D:7      | Found a sparkling altar of Nemelex Xobeh.
  1956 | D:7      | Reached skill level 7 in Unarmed Combat
  2084 | D:8      | Noticed a death yak
  2105 | D:8      | Noticed a hippogriff
  2115 | D:8      | Reached skill level 5 in Fighting
  2406 | D:7      | Mangled by an orc warrior

Skill      XL: |  1  2  3  4  5  6  7  8 |
---------------+-------------------------+-----
Dodging        | 3 4 |  4.1
Unarmed Combat | 4 5 6 7 |  7.8
Invocations    | 2 3 4 |  4.0
Fighting       | 4 5 |  5.0
Armour         | 1 2 |  2.2
Stealth        | |  2.9

Action                   |  1- 3 |  4- 6 |  7- 9 || total
-------------------------+-------+-------+-------++-------
Melee: Unarmed           |    70 |   149 |   127 ||   346
       Punch             |       |     4 |     6 ||    10
Invok: Minor Destruction |     6 |    24 |    32 ||    62
       Lesser Servant of |       |       |     1 ||     1
  Use: Scroll            |       |       |     8 ||     8
       Potion            |       |       |     2 ||     2
 Stab: Sleeping          |     3 |       |       ||     3
  Eat: Chunk             |    11 |    11 |    17 ||    39
Armor: Robe              |    20 |       |       ||    20
       Fire dragon scale |       |    53 |    80 ||   133
Dodge: Dodged            |    54 |    79 |    95 ||   228
